 Dungeon Crawl Stone Soup version bcrawl-1.15.1-4-g77d781cab4 (webtiles) character file.

Game seed: 11026837188797286052

12 MisterOstroum the Sneak (level 2, 26/26 HPs)
             Began as a Gnoll Wanderer on Oct 5, 2019.
             Quit the game on level 1 of the Dungeon.
             The game lasted 00:01:54 (244 turns).

MisterOstroum the Sneak (Gnoll Wanderer)             Turns: 244, Time: 00:01:55

Health: 26/26      AC:  2    Str: 14    XL:     2   Next: 33%
Magic:  2/2        EV: 13    Int: 14    God:
Gold:   9          SH:  0    Dex: 14    Spells: 1/1 levels left

rFire    . . .     SeeInvis .   a - +2 spear
rCold    . . .     Gourm    +   (no shield)
rNeg     . . .     Faith    .   d - +0 robe
rPois    .         Spirit   .   (no helmet)
rElec    .         Reflect  .   (no cloak)
rCorr    .         Harm     .   (no gloves)
MR       .....                  (no boots)
Stlth    +++.......             g - amulet of the gourmand
HPRegen  0.08/turn              (no ring)
MPRegen  0.08/turn              (no ring)

@: no status effects
A: distributed training, fangs 1, strong nose
a: no special abilities


You were on level 1 of the Dungeon.
You were not hungry.

You visited 1 branch of the dungeon, and saw 1 of its levels.

You collected 9 gold pieces.

Inventory:

Hand Weapons
 a - a +2 spear (weapon)
 f - a +0 dagger
Missiles
 k - 185 stones (quivered)
Armour
 d - a +0 robe (worn)
Jewellery
 g - an amulet of the gourmand (around neck)
Scrolls
 h - a scroll of enchant armour {unknown}
 i - a scroll of blinking {unknown}
 l - a scroll of amnesia {unknown}
 m - a scroll of identify {unknown}
Potions
 b - a potion of lignification {@q6}
 c - a potion of curing {@q1 !q}
 n - a potion of agility {unknown}
Comestibles
 e - 4 rations {!d}
 j - 7 chunks of flesh


   Skills:
 + Level 4.4 Fighting
 + Level 0.3 Short Blades
 + Level 2.4 Long Blades
 + Level 0.3 Axes
 + Level 0.3 Maces & Flails
 + Level 4.4 Polearms
 + Level 0.3 Staves
 + Level 0.3 Slings
 + Level 0.3 Bows
 + Level 0.3 Crossbows
 + Level 2.4 Throwing
 + Level 0.3 Armour
 + Level 2.4 Dodging
 + Level 4.4 Stealth
 + Level 2.4 Shields
 + Level 0.3 Unarmed Combat
 + Level 0.3 Spellcasting
 + Level 0.2 Conjurations
 + Level 0.2 Hexes
 + Level 0.2 Charms
 + Level 0.2 Summonings
 + Level 0.2 Necromancy
 + Level 0.2 Translocations
 + Level 0.2 Transmutations
 + Level 0.2 Fire Magic
 + Level 0.2 Ice Magic
 + Level 0.2 Air Magic
 + Level 0.2 Earth Magic
 + Level 0.2 Poison Magic
 + Level 0.4 Invocations
 + Level 0.3 Evocations


You had one spell level left.
You didn't know any spells.
Your spell library was empty.

Dungeon Overview and Level Annotations

Branches:
Dungeon (1/12)

Altars:


Innate Abilities, Weirdness & Mutations

Your experience applies equally to all skills.
You have very sharp teeth.
Your uncanny sense of smell can sniff out nearby items.


Message History

There is an open door here.
e - 3 rations {!d} (gained 1)
A rat comes into view.
There isn't anything here!
Press: ? - help, v - describe, . - travel The floor.
Attack whom?
Press: ? - help, Dir - move target cursor, f - rat
Aim: a rat (resting)
You reach to attack!
The helpless rat fails to defend itself.
You puncture the rat!
You kill the rat!
No target in view!
You butcher the rat corpse.
j - 4 chunks of flesh (gained 1)
You see here a rat skeleton. x2
A giant cockroach comes into view.
Found a stone staircase leading down.
You hit the giant cockroach.
The giant cockroach is heavily wounded.
The giant cockroach misses you.
You hit the giant cockroach.
You bite the giant cockroach, but do no damage.
The giant cockroach is almost dead.
The giant cockroach bites you.
You hit the giant cockroach but do no damage.
The giant cockroach is almost dead.
The giant cockroach bites you but does no damage.
You hit the giant cockroach but do no damage.
The giant cockroach is almost dead.
The giant cockroach barely misses you.
You closely miss the giant cockroach.
The giant cockroach is almost dead.
The giant cockroach closely misses you.
You barely miss the giant cockroach.
The giant cockroach is almost dead.
The giant cockroach bites you but does no damage.
You hit the giant cockroach.
You kill the giant cockroach!
You have reached level 2!
A goblin comes into view. It is wielding a +0 dagger.
The goblin shouts!
You closely miss the goblin. You hit the goblin.
You kill the goblin!
No target in view!
No target in view!
You don't know any spells.
You see here a +0 dagger.
HP restored.
A giant cockroach comes into view.
Your library has no spells.
Attack whom?
Press: ? - help, Dir - move target cursor, f - giant cockroach
Aim: a giant cockroach (clinging, resting)
You reach to attack!
The helpless giant cockroach fails to defend itself.
You puncture the giant cockroach!
You kill the giant cockroach!
No target in view!
No target in view!
No target in view!
No target in view!
You butcher the giant cockroach corpse.
j - 6 chunks of flesh (gained 2)
n - a glowing yellow potion A hobgoblin comes into view.
There is a stone staircase leading down here.
The hobgoblin shouts!
You hit the hobgoblin.
The hobgoblin is almost dead.
The hobgoblin closely misses you.
You hit the hobgoblin.
You kill the hobgoblin!
There isn't anything here!
No target in view!
There isn't anything here!
There isn't anything here!
No target in view!
You butcher the hobgoblin corpse.
j - 7 chunks of flesh (gained 1)
You see here a hobgoblin skeleton. x2
A kobold comes into view.
The kobold shouts!
You hit the kobold.
You kill the kobold!
No target in view!
No target in view!
Unknown command.
Unknown command.
Put on which piece of jewellery? (? for menu, Esc to quit)
You feel a craving for the dungeon's cuisine.
g - an amulet of the gourmand (around neck)
You see here a kobold corpse.
e - 4 rations {!d} (gained 1)
Found 155 arrows.
A rat comes into view.
Found a scroll labeled FYEXIRIUNA and a scroll labeled DEAFAFYEMU.
Are you sure you want to abandon this character and quit the game? (Confirm with "yes".)

#( #.##.#.######## ###.#
#.#...##
#......##......#####
................... .#
#.######..#..##### ..r#
#........#.#.... .....
#.......#...#...
....??#..#######.#######
.......@.#≈≈#.......#≈≈#
...###...#≈#.........#≈#
#...##...........##
##..#.............#
..##.............#
.#.#.............# .#
........<.......
.#.............#
#.............#


You could see a rat (sleeping).

Vanquished Creatures
  A ball python (D:1)
  A bat (D:1)
  2 giant cockroaches (D:1)
  2 goblins (D:1)
  A hobgoblin (D:1)
  A kobold (D:1)
  2 rats (D:1)
10 creatures vanquished.

Notes
Turn   | Place    | Note
-------+----------+-------------------------------------------
     0 | D:1      | MisterOstroum the Gnoll Wanderer began the quest for the
                  | Orb.
     0 | D:1      | MisterOstroum set off with the following items: a +2 spear,
                  | a potion of lignification {@q6}, a potion of curing {@q1
                  | !q}, a +0 robe, a ration {!d}, a +0 dagger
     0 | D:1      | Reached XP level 1. HP: 20/20 MP: 1/1
   129 | D:1      | Reached XP level 2. HP: 24/26 MP: 2/2
   244 | D:1      | Quit the game

Action                   || total
-------------------------++-------
Melee: Spear             ||    21
       Bite              ||     2
 Stab: Sleeping          ||     3
Armor: Robe              ||     2
Dodge: Dodged            ||     4
